 Dungeon Crawl Stone Soup version 0.30.0-19-g36f170ea60 (webtiles) character file.

Game seed: 9283302944913030192

342 RascalDebosk the Magician (level 6, -4/45 HPs)
             Began as a Djinni Summoner on May 26, 2023.
             Shot with an arrow by a centaur (8 damage)
             ... on level 4 of the Dungeon.
             The game lasted 00:33:44 (4038 turns).

RascalDebosk the Magician (Djinni Summoner)         Turns: 4038, Time: 00:33:45

Health: -4/45      AC:  3    Str:  7    XL:     6   Next: 88%
Gold:   143        EV: 12    Int: 19    God:
                   SH:  0    Dex: 13

rFire   + + .        r - +0 short sword (drain)
rCold   x . .        (no shield)
rNeg    . . .        a - +0 robe
rPois   ∞            j - +0 helmet
rElec   .            (no cloak)
rCorr   .            (no gloves)
SInv    .            (boots unavailable)
Will    .....        (no amulet)
Stlth   ++           (no ring)
HPRegen 0.27/turn    (no ring)
MPRegen 0.00/turn

%: infuse magic (-5 HP)
@: flying
A: sickness immunity, fire resistance 2, cold vulnerability 1, float, innate
caster, HP casting, extra vitality 1
a: no special abilities


You were on level 4 of the Dungeon.
You visited 1 branch of the dungeon, and saw 4 of its levels.

You collected 143 gold pieces.

Inventory:

Hand Weapons
 r - a +0 short sword of draining (weapon)
 s - a +0 dagger
Armour
 a - a +0 robe (worn)
 j - a +0 helmet (worn)
Scrolls
 e - a scroll of butterflies {unknown}
 f - a scroll of amnesia {unknown}
 h - 4 scrolls of teleportation {unknown}
 k - a scroll of silence {unknown}
 l - a scroll of vulnerability {unknown}
 m - a scroll of immolation {unknown}
 n - 2 scrolls of enchant armour {unknown}
 o - 2 scrolls of identify {unknown}
Potions
 b - a potion of magic {unknown}
 c - a potion of attraction {unknown}
 d - 2 potions of haste {unknown}
 g - 3 potions of curing {unknown}
 i - 2 potions of resistance {unknown}
 p - a potion of might {unknown}
 q - a potion of lignification {unknown}
 t - a potion of invisibility {unknown}
 u - a potion of heal wounds {unknown}


   Skills:
 * Level 2.8 Fighting
 + Level 1.9 Armour
 - Level 2.1 Dodging
 - Level 1.5 Stealth
 * Level 5.1 Spellcasting


You knew the following spells:

 Your Spells              Type           Power      Damage    Failure   Level
a - Summon Small Mammal   Summ           96%        N/A       1%          1
b - Call Imp              Summ           48%        N/A       2%          2
c - Call Canine Familiar  Summ           24%        N/A       4%          3
d - Summon Guardian Gole  Hex/Summ       24%        N/A       4%          3
e - Summon Lightning Spi  Summ/Air       24%        N/A       14%         4
f - Beastly Appendage     Tmut           48%        N/A       1%          1
g - Blink                 Tloc           48%        N/A       2%          2
Your spell library was empty.

Dungeon Overview and Level Annotations

Branches:
Dungeon (4/15)
 Temple: D:4-7

Altars:

Annotations:
D:3 1 runed translucent door, Strat's ghost, amateur DjFE


Innate Abilities, Weirdness & Mutations

You are immune to sickness and miasma.
You are immune to poison.
Your flesh is very heat resistant. (rF++)
You are vulnerable to cold. (rC-)
You float through the air rather than walking.
You learn spells naturally, not from books.
Your magical power is your life essence.
You have superior vitality. (+4 MHP)


Message History

Your hound closely misses the orc warrior.
The orc warrior closely misses your hound.
Your hound bites the orc warrior.
The orc warrior dies!
The kobold throws a poisoned dart.
The poisoned dart hits you!
You swap places.
The kobold throws a poisoned dart.
The poisoned dart hits your hound!
Your hound is poisoned.
Your magical contamination has completely faded away.
Things that are here:
a +0 battleaxe; a +0 plate armour The kobold barely misses your hound.
Your hound barely misses the kobold.
Your hound bites the kobold.
The kobold hits your hound with a +0 short sword.
Your hound closely misses the kobold.
Your hound dies!
Your hound's corpse disappears in a puff of smoke!
The kobold throws a poisoned dart.
The poisoned dart barely misses you.
The kobold throws a poisoned dart.
The poisoned dart hits you!
Casting: Call Canine Familiar (dangerous; 4% risk of failure)
Confirm with . or Enter, or press ? or * to list all spells.
* * * LOW HITPOINT WARNING * * *
The kobold throws a poisoned dart.
The poisoned dart hits your hound!
Your hound is poisoned.
Your hound misses the kobold.
The kobold hits your hound but does no damage.
Your hound bites the kobold.
The kobold dies!
You start resting.
Your hound looks more healthy.
Your hound looks up at you expectantly.
HP restored.
You swap places.
Things that are here:
a +0 battleaxe; a +0 plate armour
Things that are here:
a +0 short sword; 8 poisoned darts You swap places.
Things that are here:
a +0 battleaxe; a +0 plate armour You see here a +0 club.
Things that are here:
a +0 falchion; an orc corpse Your hound disappears in a puff of smoke!
You now have 128 gold pieces (gained 8).
You see here a +0 leather armour.
You now have 134 gold pieces (gained 6).
You now have 143 gold pieces (gained 9).
A hound comes into view.
Found a purple potion.
Casting: Call Canine Familiar (dangerous; 4% risk of failure)
Confirm with . or Enter, or press ? or * to list all spells.
The hound barks!
The hound closely misses you.
A centaur comes into view.
The centaur wields a +0 shortbow.
The centaur shoots an arrow.
The arrow hits you! The hound bites you.
You hear a bark!
The hound attacks as you move away! The hound bites you.
The hound completely misses you.
The centaur shoots an arrow.
The arrow hits you!
* * * LOW HITPOINT WARNING * * *
Your hound barely misses the hound.
You see here an amethyst potion.
The hound completely misses you.
Your hound bites the hound.
You barely miss the hound.
The hound is moderately wounded.
The hound bites you but does no damage.
Your hound closely misses the hound.
The hound barely misses you.
Your hound closely misses the hound.
You barely miss the hound.
The hound is moderately wounded.
The hound closely misses you.
Your hound misses the hound. The hound misses you.
The centaur unwields a +0 shortbow.
The centaur barely misses your hound. The centaur kicks your hound.
Your hound bites the hound.
The hound bites your hound.
Your hound bites the hound.
The centaur misses your hound. The centaur barely misses your hound.
The hound barely misses your hound.
Your hound misses the hound. The centaur hits your hound.
The centaur kicks your hound.
A hound comes into view.
The hound bites your hound.
Your hound bites the centaur.
The centaur hits your hound.
Your hound dies!
Your hound's corpse disappears in a puff of smoke!
Casting: Call Canine Familiar (dangerous; 4% risk of failure)
Confirm with . or Enter, or press ? or * to list all spells.
* * * LOW HITPOINT WARNING * * *
The hound barely misses you. The hound bites you.
* * * LOW HITPOINT WARNING * * *
The centaur wields a +0 shortbow.
The centaur shoots an arrow.
The arrow closely misses you.
The centaur shoots an arrow.
The arrow closely misses you.
Casting: Call Canine Familiar (dangerous; 4% risk of failure)
Confirm with . or Enter, or press ? or * to list all spells.
A guardian golem appears, shielding your allies.
* * * LOW HITPOINT WARNING * * *
The hound bites your guardian golem. The hound barely misses you.
Your hound completely misses the hound.
The centaur shoots an arrow.
The arrow hits you!
You die...

#.# #.##..# #.# #.#
...###.##.## #.# #.#
........####.#####.#
..c.................
.##.##!..##.######.
#h..##.# ##9c.##.#
#h...##.# #@h.....#
#...........
####..!##### #...#
....# #.... #####


You could see a centaur, 2 hounds, a friendly guardian golem (summoned) and a
friendly hound (summoned, sheltered).

Vanquished Creatures
  An orc (D:4)
  A ball python (D:1)
  A giant cockroach (D:1)
  2 kobolds (D:1)
  2 bats
  2 frilled lizards
9 creatures vanquished.

Vanquished Creatures (collateral kills)
  An orc warrior (D:4)
  A phantom (D:3)
  A scorpion (D:4)
  3 adders (D:3)
  3 dart slugs
  5 orcs
  3 bats
  3 endoplasms
  3 giant cockroaches
  8 goblins
  4 hobgoblins
  8 kobolds
  3 quokkas
  5 ball pythons
  4 frilled lizards
  5 rats
60 creatures vanquished.

Vanquished Creatures (others)
  An adder (D:3)
1 creature vanquished.

Grand Total: 70 creatures vanquished

Notes
Turn   | Place    | Note
-------+----------+-------------------------------------------
     0 | D:1      | RascalDebosk the Djinni Summoner began the quest for the
                  | Orb.
     0 | D:1      | RascalDebosk set off with the following spells memorised:
                  | Summon Small Mammal, Call Imp, Call Canine Familiar, Summon
                  | Guardian Golem, Summon Lightning Spire.
     0 | D:1      | Reached XP level 1. HP: 15/15 MP: 0/0
   208 | D:1      | Reached XP level 2. HP: 21/21 MP: 0/0
  1071 | D:2      | Reached XP level 3. HP: 20/25 MP: 0/0
  1071 | D:2      | Learned a level 1 spell: Beastly Appendage
  1378 | D:2      | Reached skill level 4 in Spellcasting
  1573 | D:2      | Found a faded altar of an unknown god.
  2031 | D:3      | Reached XP level 4. HP: 20/31 MP: 0/0
  2471 | D:3      | Noticed a phantom
  2494 | D:3      | Killed a phantom
  2495 | D:3      | Reached skill level 1 in Fighting
  2495 | D:3      | Reached skill level 1 in Armour
  2495 | D:3      | Reached XP level 5. HP: 35/37 MP: 0/0
  2495 | D:3      | Learned a level 2 spell: Blink
  2557 | D:3      | Found a runed translucent door.
  2581 | D:3      | Noticed Strat's ghost (amateur DjFE)
  3479 | D:4      | Reached XP level 6. HP: 40/43 MP: 0/0
  3662 | D:4      | Reached skill level 5 in Spellcasting
  3792 | D:4      | Noticed an orc warrior
  3833 | D:4      | Killed an orc warrior
  4038 | D:4      | Shot with an arrow by a centaur

Illustrated notes

Levels and vault maps discovered:
D:1:      moated_graveyard_arrival, layout_loops_corners, minmay_quantized
D:2:      layout_loops_corners, ebering_ecumenical_altar_hall
D:3:      layout_basic, ebering_ghost_sewer_d
D:4:      layout_loops_ring, kennysheep_generic_room_5, uniq_crazy_yiuf_cottage

Skill      XL: |  1  2  3  4  5  6 |
---------------+-------------------+-----
Spellcasting   | 4 5 |  5.1
Fighting       | 1 2 |  2.8
Armour         | 1 |  1.9
Dodging        | |  2.1
Stealth        | |  1.5

Action                     |  1- 3 |  4- 6 || total
---------------------------+-------+-------++-------
  Melee: Dagger            |    27 |    12 ||    39
         Short sword       |       |     4 ||     4
   Cast: Summon Small Mamm |    39 |    12 ||    51
         Call Imp          |    12 |     4 ||    16
         Call Canine Famil |     8 |    12 ||    20
         Summon Guardian G |       |     6 ||     6
         Summon Lightning  |       |    12 ||    12
         Blink             |       |     1 ||     1
         Beastly Appendage |       |     1 ||     1
 Armour: Robe              |    15 |     8 ||    23
  Dodge: Dodged            |    26 |    33 ||    59
